 Dungeon Crawl Stone Soup version 0.29-a0-275-g389c0b56f3 (webtiles) character file.

Game seed: 11665239059916648503

4 shoop the Vexing (level 1, 0/11 HPs)
             Began as a Deep Elf Arcane Marksman on Mar 10, 2022.
             Slain by a quokka (5 damage)
             ... on level 1 of the Dungeon.
             The game lasted 00:01:20 (272 turns).

shoop the Vexing (Deep Elf Arcane Marksman)          Turns: 272, Time: 00:01:21

Health: 0/11       AC:  2    Str:  7    XL:     1   Next: 50%
Magic:  5/5        EV: 12    Int: 17    God:
Gold:   15         SH:  0    Dex: 15    Spells: 2/3 levels left

rFire   . . .      SeeInvis .   a - +0 shortbow
rCold   . . .      Faith    .   (shield currently unavailable)
rNeg    . . .      Spirit   .   b - +0 robe
rPois   .          Reflect  .   (no helmet)
rElec   .          Harm     .   (no cloak)
rCorr   .          Rampage  .   (no gloves)
Will    .....                   (no boots)
Stlth   ++........              (no amulet)
HPRegen 0.03/turn               (no ring)
MPRegen 0.09/turn               (no ring)

@: no status effects
A: no striking features
a: no special abilities


You were on level 1 of the Dungeon.
You visited 1 branch of the dungeon, and saw 1 of its levels.

You collected 15 gold pieces.

Inventory:

Hand Weapons
 a - a +0 shortbow (weapon)
Armour
 b - a +0 robe (worn)
Scrolls
 c - a scroll of vulnerability
 d - a scroll of enchant weapon {unknown}


   Skills:
 - Level 0.7 Fighting
 - Level 2.6 Bows
 - Level 2.4 Dodging
 + Level 1.5 Stealth
 - Level 1.5 Spellcasting
 - Level 4.0 Hexes


You had 2 spell levels left.
You knew the following spells:

 Your Spells              Type           Power      Damage    Failure   Level
a - Slow                  Hex            56%        N/A       4%          1

Your spell library contained the following spells:

 Spells                   Type           Power      Damage    Failure   Level
 Poisonous Vapours        Pois/Air       2%         N/A       30%         2
 Searing Ray              Conj           2%         2d4       30%         2
 Dazzling Flash           Conj/Hex       16%        N/A       26%         3
 Inner Flame              Hex/Fire       8%         N/A       26%         3
 Portal Projectile        Hex/Tloc       16%        N/A       26%         3
 Cause Fear               Hex            7%         N/A       36%         4
 Irradiate                Conj/Tmut      0%         3d14      99%         5
 Lehudib's Crystal Spear  Conj/Erth      0%         10d2      100%        8


Dungeon Overview and Level Annotations

Branches:
Dungeon (1/15)

Altars:


Message History

Your Stealth skill increases to level 1!
No target in view!
No target in view!
You see here a rat corpse.
A hobgoblin and a jackal come into view.
The hobgoblin shouts!
You shoot an arrow. The arrow barely misses the hobgoblin.
You shoot an arrow. The arrow closely misses the hobgoblin.
You shoot an arrow. The arrow hits the hobgoblin.
The hobgoblin is heavily wounded.
You shoot an arrow. The arrow hits the hobgoblin!
You kill the hobgoblin!
No target in view!
You now have 9 gold pieces.
Found a stone staircase leading down.
There is a stone staircase leading down here.
You open the door.
There is an open door here.
Found 24 stones.
You now have 15 gold pieces (gained 6).
You see here 24 stones.
d - a scroll labelled NIUKHL UPTEA You see here 24 stones.
There is an open door here.
A rat comes into view.
You shoot an arrow. The arrow hits the rat!
You kill the rat!
No target in view!
You see here a rat corpse.
A quokka comes into view.
You shoot an arrow.
The arrow hits the quokka but does no damage.
The quokka barely misses you.
You shoot an arrow. The arrow hits the quokka.
The quokka is severely wounded.
The quokka misses you.
The quokka bites you but does no damage.
You shoot an arrow. The arrow closely misses the quokka.
The quokka bites you.
You shoot an arrow. The arrow barely misses the quokka.
The quokka bites you. x2
You die...

#.# #.#.... .#
#†# #.#####
#.# #.#
#......
#.#.##.#
####### ##
#.#.##.# #.
..#.##.#
#.##.#.##.#
#r#..#.##.#
#.@..#.##.#
##.####.#.##.#
.............#
#######.#.####
#####


You could see a quokka.

Vanquished Creatures
  A hobgoblin (D:1)
  A jackal (D:1)
  2 rats (D:1)
4 creatures vanquished.

Notes
Turn   | Place    | Note
-------+----------+-------------------------------------------
     0 | D:1      | shoop the Deep Elf Arcane Marksman began the quest for the
                  | Orb.
     0 | D:1      | Reached XP level 1. HP: 11/11 MP: 5/5
     6 | D:1      | Got the Volume of Flying Combat Magic
    21 | D:1      | Reached skill level 1 in Stealth
   272 | D:1      | Slain by a quokka

Illustrated notes

Levels and vault maps discovered:
D:1:      minmay_arrival_wavy_path, layout_basic,
          nicolae_ecumenical_lake_church, serial_bayou_lagoon_b

Skill      XL: |  1 |
---------------+----+-----
Stealth        | 1 |  1.5
Fighting       | |  0.7
Bows           | |  2.6
Dodging        | |  2.4
Spellcasting   | |  1.5
Hexes          | |  4.0

Action                   || total
-------------------------++-------
 Fire: Shortbow          ||    11
Armor: Robe              ||     1
Dodge: Dodged            ||     2

Table legend: (Time is in decaauts)
 A = Elapsed time spent in this place.
 B = Non-inter-level travel time spent in this place.
 C = Inter-level travel time spent in this place.
 D = Time resting spent in this place.
 E = Time spent auto-exploring this place.
 F = Levels seen in this place.
 G = Mean time per level.
                   A        B        C        D        E       F      G
               +--------+--------+--------+--------+--------+-----+--------+
         Total |    275 |    275 |      0 |      0 |    249 |   1 |  275.0 |
       Dungeon |    275 |    275 |      0 |      0 |    249 |   1 |  275.0 |
               +--------+--------+--------+--------+--------+-----+--------+

Top non-repeatable levels by time:
     D:1: 275 daAuts
